 Dungeon Sprint DCSS version 0.14-a0-50-gc6ee670 (console) character file.

4148 Dalvant the Conjurer (level 9, 0/50 HPs)
             Began as a Deep Elf Fire Elementalist on Sept 29, 2013.
             Was the Champion of Sif Muna.
             Succumbed to a trapdoor spider's poison
             ... in the Dungeon (Sprint I: "Red Sonja").
             The game lasted 00:05:47 (1281 turns).

Dalvant the Conjurer (Deep Elf Fire Elementalist)   Turns: 1281, Time: 00:05:47

HP   0/50        AC  6     Str  5      XL: 9   Next: 81%
MP  23/31        EV 14     Int 24      God: Sif Muna [******]
Gold 627         SH  0     Dex 15      Spells:  3 memorised, 24 levels left

Res.Fire  : . . .   See Invis. : .   (no weapon)
Res.Cold  : . . .   Warding    : .   a - +0 elf robe
Life Prot.: . . .   Conserve   : .   (no shield)
Res.Poison: .       Res.Corr.  : .   (no helmet)
Res.Elec. : .       Clarity    : .   (no cloak)
Sust.Abil.: . .     Spirit.Shd : .   o - +2 pair of dwarf bracers {archer}
Res.Mut.  : .       Prev.Telep.: +   n - +0 pair of boots
Res.Rott. : .       Flight     : .   (no amulet)
Saprovore : . . .                    (no ring)
                                     (no ring)

@: mildly poisoned, somewhat resistant to hostile enchantments, quite stealthy
A: no striking features
a: Channel Energy, Forget Spell, Renounce Religion


You were in the Dungeon.
You worshipped Sif Muna.
Sif Muna was exalted by your worship.
You were not hungry.

You visited 1 branch You collected 771 gold pieces.
You spent 164 gold pieces at shops.

Inventory:

Armour
 a - a +0 elven robe (worn)
 k - a +0 pair of gloves
 m - a +1 leather armour of cold resistance
 n - a +0 pair of boots (worn)
 o - a +2 pair of dwarven bracers of archery (worn)
Magical devices
 j - a wand of cold (5) {unknown}
 l - a wand of flame (20) {unknown}
Scrolls
 d - a scroll of enchant armour {unknown}
 h - 2 scrolls of identify {unknown}
 i - a scroll of blinking
Potions
 f - a potion of speed
 g - 2 potions of magic
Books
 p - Iskenderun's Incunabulum of Cloudy Arcane Weapons
   (Sif Muna gifted it to you in the Dungeon)

   Spells                             Type                      Level
   Magic Dart                         Conjuration                  1
   Freezing Cloud                     Conjuration/Ice/Air          6
   Conjure Ball Lightning             Conjuration/Air              6
   Orb of Destruction                 Conjuration                  7


   Skills:
 - Level 6.0 Fighting
 - Level 3.7 Dodging
 - Level 6.4 Stealth
 - Level 0.2 Unarmed Combat
 + Level 13.3 Spellcasting
 * Level 14.2 Conjurations
 + Level 13.5 Fire Magic


You had 24 spell levels left.
You knew the following spells:

 Your Spells              Type           Power        Failure   Level  Hunger
a - Flame Tongue          Conj/Fire      #####        0%          1    None
c - Sticky Flame          Conj/Fire      ######..     1%          4    None
v - Fireball              Conj/Fire      ######....   1%          5    ##.....


Dungeon Overview and Level Annotations

Branches:
Dungeon (1/1)

Altars:
Elyvilon
Makhleb
Okawaru
Sif Muna
Xom
Yredelemnul
Zin
the Shining One

Shops:
D [[[


Message History

Aiming: Fireball
Press: ? - help, Shift-Dir - straight line, f/p - trapdoor spider
Aim: a trapdoor spider (purple smoke, severely wounded, clinging)
The fireball explodes!
The fireball engulfs the trapdoor spider.
You kill the trapdoor spider!
You start resting.
* * * LOW HITPOINT WARNING * * *
You feel sick.
You start resting.
* * * LOW HITPOINT WARNING * * *
You feel sick.
You start resting.
* * * LOW HITPOINT WARNING * * *
You feel sick.
You start resting.
* * * LOW HITPOINT WARNING * * *
You feel sick.
You start resting.
You die...

##########################
#<<#..)..#.)'..#__#..'..)#
#<.)..#..'..#..'..'..#.).#
#..#####'#####'#__####...+
#..####..#...#.####.[#####
#..#_.####..##.#§§§§.#..#
#..#.....##)#..+≈§§).'.%#
#⌠⌠#_.∩..('..._#§≈≈§§#..#
####.....##_.#'##§#####'###
#_._._###'#(#:§.[###.@.#
############.####'###.###%#
#∩^.......'%..'.....'.∩##.#
###++++####...###########§#
##.## #.# #+# +§# #.# #§# §


There were no monsters in sight!

Vanquished Creatures
  2 centaur warriors (D)
  A deep troll (D)
  A giant amoeba (D)
  An oklob plant (D)
  Sonja (D)
  2 trapdoor spiders (D)
  An elephant slug (D)
  2 kobold demonologists (D)
  A yellow wasp (D)
  An ogre (D)
  Sigmund (D)
  A jelly (D)
  Ijyb (D)
  A giant eyeball (D)
17 creatures vanquished.

Vanquished Creatures (others)
  A metal gargoyle (D)
1 creature vanquished.

Grand Total: 18 creatures vanquished

Notes
Turn   | Place    | Note
--------------------------------------------------------------
     0 | D        | Dalvant, the Deep Elf Fire Elementalist, began the quest for the Orb.
     0 | D        | Reached XP level 1. HP: 10/10 MP: 4/4
     1 | D        | Noticed Ijyb
    14 | D        | Killed Ijyb
    14 | D        | Reached skill level 5 in Fire Magic
    14 | D        | Reached XP level 2. HP: 15/15 MP: 0/7
    65 | D        | Noticed an ogre
    71 | D        | Killed an ogre
    71 | D        | Reached skill level 7 in Fire Magic
    71 | D        | Reached XP level 3. HP: 19/19 MP: 1/10
    71 | D        | Reached XP level 4. HP: 24/24 MP: 1/13
    77 | D        | Learned a level 4 spell: Sticky Flame
   174 | D        | Noticed Sigmund
   180 | D        | Killed Sigmund
   180 | D        | Reached skill level 8 in Fire Magic
   180 | D        | Reached XP level 5. HP: 20/29 MP: 6/17
   229 | D        | Killed a metal gargoyle
   282 | D        | Learned a level 5 spell: Fireball
   292 | D        | Found a glowing golden altar of the Shining One.
   292 | D        | Found a burning altar of Makhleb.
   292 | D        | Found a white marble altar of Elyvilon.
   292 | D        | Found an iron altar of Okawaru.
   292 | D        | Noticed a giant amoeba
   294 | D        | Found a glowing silver altar of Zin.
   295 | D        | Noticed a jelly
   296 | D        | Found a white marble altar of Elyvilon.
   304 | D        | Killed a jelly
   304 | D        | Reached skill level 5 in Stealth
   304 | D        | Reached skill level 9 in Fire Magic
   314 | D        | Found a glowing silver altar of Zin.
   314 | D        | Found a shimmering altar of Xom.
   314 | D        | Found Loets' Armour Emporium.
   314 | D        | Found a basalt altar of Yredelemnul.
   314 | D        | Found a deep blue altar of Sif Muna.
   314 | D        | Noticed an elephant slug
   331 | D        | Killed an elephant slug
   331 | D        | Reached XP level 6. HP: 35/35 MP: 4/21
   339 | D        | Found a glowing golden altar of the Shining One.
   343 | D        | Became a worshipper of Sif Muna the Loreminder
   346 | D        | Bought a +0 pair of gloves for 20 gold pieces
   449 | D        | Noticed Sonja
   454 | D        | Killed Sonja
   454 | D        | Acquired Sif Muna's first power
   454 | D        | Reached skill level 5 in Fighting
   454 | D        | Reached skill level 10 in Fire Magic
   454 | D        | Reached XP level 7. HP: 21/40 MP: 8/24
   516 | D        | HP: 2/40 [poisoned by Sonja (curare-tipped needle)]
   523 | D        | HP: 1/40 [poisoned by Sonja (curare-tipped needle)]
   785 | D        | Noticed a deep troll
   789 | D        | Killed a deep troll
   789 | D        | Acquired Sif Muna's second power
   789 | D        | Reached skill level 11 in Fire Magic
   800 | D        | Found Cebloqu Diol's Armour Emporium.
   835 | D        | Found Waenusin's Antique Armour Boutique.
   844 | D        | Bought a runed leather armour for 42 gold pieces
   857 | D        | Bought a pair of boots for 31 gold pieces
   857 | D        | Bought a pair of dwarven bracers of archery for 71 gold pieces
   900 | D        | Killed a giant amoeba
   900 | D        | Acquired Sif Muna's third power
   900 | D        | Reached skill level 10 in Spellcasting
   900 | D        | Reached skill level 10 in Conjurations
   900 | D        | Reached skill level 12 in Fire Magic
   900 | D        | Reached XP level 8. HP: 46/46 MP: 19/27
   925 | D        | Noticed a kobold demonologist
   926 | D        | Killed a kobold demonologist
   927 | D        | Noticed a kobold demonologist
   927 | D        | Killed a kobold demonologist
   990 | D        | Noticed a centaur warrior
   991 | D        | Noticed a centaur warrior
   993 | D        | Killed a centaur warrior
   993 | D        | Received a gift from Sif Muna
   993 | D        | Reached XP level 9. HP: 40/50 MP: 13/30
   993 | D        | Killed a centaur warrior
   993 | D        | Received a gift from Sif Muna
   993 | D        | Reached skill level 13 in Conjurations
   994 | D        | Identified Iskenderun's Incunabulum of Cloudy Arcane Weapons (Sif Muna gifted it to you in the Dungeon)
  1079 | D        | Noticed a yellow wasp
  1080 | D        | Killed a yellow wasp
  1103 | D        | Noticed an oklob plant
  1108 | D        | Killed an oklob plant
  1215 | D        | Noticed a trapdoor spider
  1219 | D        | Killed a trapdoor spider
  1219 | D        | Reached skill level 14 in Conjurations
  1225 | D        | HP: 2/50 [poisoned by a trapdoor spider]
  1271 | D        | Noticed a trapdoor spider
  1272 | D        | Noticed a trapdoor spider
  1273 | D        | Killed a trapdoor spider
  1276 | D        | HP: 2/50 [poisoned by a trapdoor spider]
  1281 | D        | Succumbed to a trapdoor spider's poison

Action                   |  1- 3 |  4- 6 |  7- 9 || total
-------------------------+-------+-------+-------++-------
Melee: Unarmed           |     8 |       |       ||     8
 Cast: Flame Tongue      |     8 |    18 |     5 ||    31
       Sticky Flame      |       |     3 |     4 ||     7
       Fireball          |       |       |    16 ||    16
  Use: Potion            |     1 |       |     3 ||     4
